 Dungeon Crawl Stone Soup version 0.17.0-22-g5edae84 (webtiles) character file.

4148 timbw the Grappler (level 10, 49/49 HPs)
             Began as a Vine Stalker Fighter on Nov 13, 2015.
             Was a High Priest of Okawaru.
             Quit the game in a labyrinth.
             The game lasted 00:09:43 (1602 turns).

timbw the Grappler (Vine Stalker Fighter)           Turns: 1602, Time: 00:09:43

Health: 49/49      AC: 18    Str: 19    XL:     10   Next: 27%
Magic:  32/32      EV:  4    Int: 13    God:    Okawaru [*****.]
Gold:   159        SH: 10    Dex: 17    Spells: 0 memorised, 9 levels left

rFire  . . .     SeeInvis .       - Unarmed
rCold  . . .     Clarity  .     p - +0 plate armour
rNeg   . . .     SustAt   .     b - +0 shield
rPois  .         Gourm    .     o - +3 hat of Pondering {ponderous, MR+ MP+10 Int+5}
rElec  .         Spirit   +     r - +1 cloak
rCorr  .         Warding  .     u - +0 pair of gloves
rMut   .         Stasis   .     (no boots)
MR     ++...                    (no amulet)
Stlth  ..........               t - ring of magical power
                                q - ring of loudness (curse)

@: slow, very resistant to hostile enchantments, extremely unstealthy
A: fangs 3, regeneration 2, magic shield, antimagic bite, no device heal 3, rot
immunity
a: Heroism, Finesse, Renounce Religion


You were in a labyrinth.
You worshipped Okawaru.
Okawaru was extremely pleased with you.
You were hungry.

You visited 2 branches of the dungeon, and saw 11 of its levels.
You also visited: Labyrinth.

You collected 159 gold pieces.

Inventory:

Armour
 a - a +0 scale mail
 b - a +0 shield (worn)
 n - a +0 chain mail
 o - the +3 hat of Pondering (worn) {ponderous, MR+ MP+10 Int+5}
   (You took it off Gastronok on level 2 of the Lair of Beasts)

   It affects your intelligence (+5).
   It affects your resistance to hostile enchantments.
   It affects your magic capacity (+10).
 p - a +0 plate armour (worn)
 r - a +1 cloak (worn)
 u - a +0 pair of gloves (worn)
Jewellery
 q - a cursed ring of loudness (left hand)
 t - a ring of magical power (right hand)
Wands
 m - a wand of random effects (25)
 s - a wand of fire (14)
Scrolls
 h - a scroll of recharging
 k - a scroll of immolation
 l - 2 scrolls of remove curse
Potions
 c - a potion of heal wounds {unknown}
 e - a potion of might
 f - a potion of ambrosia
 g - 2 potions of curing
 i - a potion of agility
Comestibles
 d - 2 bread rations
 j - 2 meat rations


   Skills:
 + Level 4.0 Fighting
 + Level 3.7 Armour
 + Level 2.6 Dodging
 + Level 4.1 Shields
 * Level 12.3 Unarmed Combat
 + Level 3.0 Invocations


You had 9 spell levels left.
You didn't know any spells.

Dungeon Overview and Level Annotations

Branches:
Dungeon (9/15)               Lair (2/8) D:9
 Temple: D:4-7          Orc: D:9-12

Altars:
Okawaru
Trog


Innate Abilities, Weirdness & Mutations

You have razor-sharp teeth.
You heal very quickly.
When hurt, damage is shared between your health and your magic reserves.
Your bite disrupts and absorbs the magic of your enemies.
Potions and wands cannot restore your health.
You are immune to rotting.


Message History

You feel rather ponderous.
You now have 159 gold pieces (gained 5).
j - 2 meat rations (gained 1)
There is a stone staircase leading up here.
Found 14 gold pieces.
Unknown command.
Found a labyrinth entrance.
You feel like a meek peon again.
Eat which item? (? for menu, Esc to quit)
That beef jerky was jerk-a-riffic!
There is a labyrinth entrance here.
Beware, the minotaur awaits!
The world spins around you as you enter the gateway.
As you enter the labyrinth, previously moving walls settle noisily into place.
You hear the metallic echo of a distant snort before it fades into the rock.
Unknown command.
You feel a sudden draft!
Evoke which item? (* to show all) (? for menu, Esc to quit)
Okay, then.
The floor suddenly vibrates beneath you!
You are feeling hungry.
Are you sure you want to abandon this character and quit the game? (Confirm with "yes".)

..... ...# # #
###.#.#.# # #.#
..# ### ### #.
#.# #.#
#.#.....#..
#.###.#.### ###
#.........#...#
#.#####.#########
### #...@...# . .
# ######### ##
.### #.# # .# .
... . #### # ##
##.# .. ### # #


There were no monsters in sight!

Vanquished Creatures
  Gastronok (Lair:2)
  2 humans (D:8)
  A deep elf mage (D:9)
  3 yaks
  A wyvern (D:8)
  A deep elf fighter (D:9)
  Duvessa (D:7)
  A water moccasin (Lair:2)
  2 orc warriors
  A black bear (D:6)
  A sky beast (D:6)
  A centaur (D:8)
  Dowan (D:7)
  4 killer bees (D:8)
  A scorpion (D:8)
  A centaur zombie (D:8)
  2 crimson imps
  2 iguanas
  2 orc priests
  2 hounds
  A worker ant (D:6)
  2 orc wizards (D:8)
  4 adders
  6 river rats (D:9)
  A worm (D:3)
  A giant gecko (D:3)
  14 orcs
  6 jackals
  A kobold (D:3)
  7 bats (D:9)
  A goblin (D:3)
  7 rats (D:9)
82 creatures vanquished.

Vanquished Creatures (others)
  A fungus (D:9)
1 creature vanquished.

Grand Total: 83 creatures vanquished

Notes
Turn   | Place    | Note
--------------------------------------------------------------
     0 | D:1      | timbw the Vine Stalker Fighter began the quest for the Orb.
     0 | D:1      | Reached XP level 1. HP: 11/11 MP: 2/2
    70 | D:2      | Found an iron altar of Okawaru.
    78 | D:2      | Became a worshipper of Warmaster Okawaru
   106 | D:2      | Found a bloodstained altar of Trog.
   175 | D:3      | Reached XP level 2. HP: 16/16 MP: 3/3
   219 | D:5      | Entered Level 5 of the Dungeon
   266 | D:6      | Reached skill level 3 in Unarmed Combat
   319 | D:6      | Noticed a black bear
   324 | D:6      | Reached XP level 3. HP: 19/19 MP: 4/4
   346 | D:6      | Killed a black bear
   346 | D:6      | Reached skill level 5 in Unarmed Combat
   346 | D:6      | Reached XP level 4. HP: 20/23 MP: 5/5
   346 | D:6      | Reached XP level 5. HP: 23/27 MP: 6/6
   362 | D:6      | Noticed an orc warrior
   365 | D:6      | Reached * piety under Okawaru
   375 | D:6      | Killed an orc warrior
   375 | D:6      | Reached skill level 6 in Unarmed Combat
   375 | D:6      | Gained mutation: You heal very quickly. [Vine Stalker growth]
   375 | D:6      | Reached XP level 6. HP: 10/32 MP: 7/7
   380 | D:6      | Noticed a sky beast
   386 | D:6      | Killed a sky beast
   386 | D:6      | Reached skill level 7 in Unarmed Combat
   399 | D:6      | Reached XP level 7. HP: 14/35 MP: 3/8
   447 | D:7      | Noticed Duvessa
   447 | D:7      | Noticed Dowan
   460 | D:7      | Killed Duvessa
   464 | D:7      | Killed Dowan
   464 | D:7      | Reached skill level 8 in Unarmed Combat
   500 | D:8      | Noticed a wyvern
   513 | D:8      | Killed a wyvern
   535 | D:8      | Reached ** piety under Okawaru
   535 | D:8      | Reached skill level 9 in Unarmed Combat
   535 | D:8      | Gained mutation: You have razor-sharp teeth. [Vine Stalker growth]
   535 | D:8      | Reached XP level 8. HP: 24/39 MP: 7/9
   555 | D:8      | Found an iron altar of Okawaru.
   555 | D:8      | Noticed a human
   570 | D:8      | Noticed a human
   573 | D:8      | Killed a human
   584 | D:8      | Killed a human
   588 | D:8      | Reached skill level 10 in Unarmed Combat
   689 | D:8      | Reached skill level 11 in Unarmed Combat
   695 | D:8      | Reached XP level 9. HP: 41/43 MP: 10/10
   827 | D:9      | Reached *** piety under Okawaru
   873 | D:9      | Found a staircase to the Lair.
   878 | D:9      | Reached skill level 1 in Dodging
   878 | D:9      | Reached skill level 1 in Invocations
   882 | Lair:1   | Entered Level 1 of the Lair of Beasts
  1054 | Lair:2   | Noticed Gastronok
  1078 | Lair:2   | Killed Gastronok
  1078 | Lair:2   | Reached **** piety under Okawaru
  1078 | Lair:2   | Reached ***** piety under Okawaru
  1078 | Lair:2   | Reached skill level 12 in Unarmed Combat
  1078 | Lair:2   | Reached XP level 10. HP: 45/49 MP: 13/13
  1122 | Lair:2   | Found a labyrinth entrance.
  1129 | Lab      | Entered a labyrinth
  1602 | Lab      | Quit the game

Action                   |  1- 3 |  4- 6 |  7- 9 | 10-12 || total
-------------------------+-------+-------+-------+-------++-------
Melee: Unarmed           |    35 |    20 |   182 |       ||   237
Throw: Javelin           |     3 |       |       |       ||     3
Invok: Heroism           |       |     1 |     9 |       ||    10
Evoke: Wand              |       |       |     2 |       ||     2
  Use: Potion            |     1 |       |       |       ||     1
       Scroll            |       |       |    10 |       ||    10
  Eat: Chunk             |       |       |     1 |       ||     1
       Beef jerky        |       |       |       |     1 ||     1
